 Dungeon Crawl Stone Soup version 0.25.0-10-g039870e (webtiles) character file.

Game seed: 14937807579615011458

1929 Golfball the Skirmisher (level 9, -1/79 HPs)
             Began as a Ghoul Monk on June 22, 2020.
             Slain by a hornet (9 damage)
             ... on level 7 of the Dungeon.
             The game lasted 00:17:35 (6160 turns).

Golfball the Skirmisher (Ghoul Monk)                Turns: 6160, Time: 00:17:36

Health: -1/79      AC: 10    Str: 15    XL:     9   Next: 17%
Magic:  8/8        EV: 14    Int:  8    God:
Gold:   297        SH:  0    Dex: 11    Spells: 8/8 levels left

rFire    . . .     SeeInvis .     - Unarmed
rCold    + . .     Gourm    .   (no shield)
rNeg     + + +     Faith    .   A - +0 scale mail
rPois    ∞         Spirit   .   C - +2 helmet
rElec    .         Reflect  .   E - +0 cloak
rCorr    .         Harm     .   (no gloves)
MR       +....                  (no boots)
Stlth    ..........             s - amulet of regeneration
HPRegen  0.00/turn              n - +4 ring of evasion
MPRegen  0.11/turn              G - ring of protection from magic

@: rotting
A: rotting body, claws 1, carnivore, cold resistance 1, negative energy
resistance 3, inhibited regeneration, torment resistance, unbreathing
a: no special abilities


You were on level 7 of the Dungeon.
You were not hungry.

You visited 1 branch of the dungeon, and saw 7 of its levels.

You collected 297 gold pieces.

Inventory:

Hand Weapons
 a - a +3 whip of electrocution
 b - a +0 hunting sling
 e - a +1 vorpal broad axe
 I - a +3 flail
Missiles
 c - 270 stones (quivered)
 k - 48 sling bullets
 o - 9 poisoned darts
Armour
 A - a +0 scale mail (worn)
 C - a +2 helmet (worn)
 E - a +0 cloak (worn)
Jewellery
 n - a +4 ring of evasion (left claw)
 r - an uncursed ring of fire
 s - an amulet of regeneration (around neck)
 G - a ring of protection from magic (right claw)
Wands
 y - a wand of disintegration (16)
 F - a wand of paralysis (12)
Scrolls
 f - a scroll of amnesia {unknown}
 g - 6 scrolls of teleportation {unknown}
 i - a scroll of identify
 l - 3 scrolls of fog {unknown}
 m - 2 scrolls of random uselessness {unknown}
 q - a scroll of noise {unknown}
 t - a scroll of remove curse {unknown}
 w - 2 scrolls of enchant weapon {unknown}
 B - a scroll of blinking {unknown}
Potions
 d - a potion of heal wounds
 h - 5 potions of curing
 j - a potion of invisibility {unknown}
 u - a potion of ambrosia {unknown}
 z - 2 potions of brilliance
 D - 2 potions of haste {unknown}
Comestibles
 v - 15 rations


   Skills:
 - Level 7.0 Fighting
 + Level 5.2 Axes
   Level 0.6 Staves
 + Level 5.3 Slings
 - Level 2.6 Dodging
 - Level 2.1 Stealth
 - Level 7.0 Unarmed Combat


You had 8 spell levels left.
You didn't know any spells.
Your spell library contained the following spells:

 Spells                   Type           Power        Failure   Level  Hunger
 Animate Skeleton         Necr           N/A          88%         1    ##.....
 Apportation              Tloc           #.....       88%         1    ##.....
 Corona                   Hex            #......      88%         1    ##.....
 Summon Small Mammal      Summ           #...         88%         1    ##.....
 Confusing Touch          Hex            #.......     99%         3    ####...
 Gell's Gravitas          Tloc           #.........   99%         3    ####...
 Petrify                  Tmut/Erth      #.......     100%        4    #####..
 Metabolic Englaciation   Hex/Ice        #.........   100%        5    ######.
 Yara's Violent Unravell  Hex/Tmut       #.........   100%        5    ######.


Dungeon Overview and Level Annotations

Branches:
Dungeon (7/15)
 Temple: D:4-7

Altars:
Ashenzari
Elyvilon
Sif Muna
Vehumet


Innate Abilities, Weirdness & Mutations

Your body is rotting away.
You thrive on raw meat.
You are immune to poison.
You have sharp fingernails.
You are carnivorous and can eat meat at any time.
Your flesh is cold resistant. (rC+)
You are immune to negative energy. (rN+++)
You do not regenerate when monsters are visible.
You are immune to unholy pain and torment.
You can survive without breathing.


Message History

* * * LOW HITPOINT WARNING * * *
You scratch the hornet.
The hornet is severely wounded.
The hornet stings you.
* * * LOW HITPOINT WARNING * * *
You scratch the hornet. Your claw misses the hornet.
The hornet is severely wounded.
The hornet closely misses you. x2
You closely miss the hornet.
The hornet is severely wounded.
The hornet stings you but does no damage.
Your scale mail prevents you from hitting the hornet.
You claw the hornet.
The hornet is almost dead.
The hornet stings you!
* * * LOW HITPOINT WARNING * * *
You scratch the hornet but do no damage.
The hornet is almost dead.
The hornet stings you!
You die...

##########
#........##..#
#...#.y@.......
#..y#..........
##..##..>.....#
#.. #######..#
..$ .# .... #
....


You could see a hornet.

Vanquished Creatures
  Eustachio (D:4)
  A water moccasin (D:5)
  An orc warrior (D:6)
  3 ice beasts
  A centaur (D:5)
  Blork the orc (D:6)
  2 bullfrogs (D:6)
  3 scorpions
  4 wights
  2 crimson imps (D:6)
  A jelly (D:6)
  A centaur zombie (D:6)
  2 hounds
  Crazy Yiuf (D:4)
  A centaur skeleton (D:4)
  Ijyb (D:3)
  3 orc wizards
  3 worker ants
  2 hound skeletons
  3 gnolls
  A howler monkey skeleton (D:4)
  10 adders
  A shadow imp (D:5)
  An ooze (D:4)
  An adder skeleton (D:4)
  5 worms
  A dart slug (D:1)
  5 leopard geckos
  15 orcs
  7 giant cockroaches
  7 goblins
  9 hobgoblins
  11 jackals
  2 quokkas
  13 bats
  6 frilled lizards
  8 kobolds
  2 leopard gecko skeletons
  8 rats
150 creatures vanquished.

Notes
Turn   | Place    | Note
-------+----------+-------------------------------------------
     0 | D:1      | Golfball the Ghoul Monk began the quest for the Orb.
     0 | D:1      | Reached XP level 1. HP: 19/19 MP: 0/0
   318 | D:1      | Reached XP level 2. HP: 26/26 MP: 1/1
   940 | D:1      | Reached XP level 3. HP: 32/33 MP: 2/2
  1462 | D:2      | Found a shimmering blue altar of Sif Muna.
  2013 | D:2      | Reached XP level 4. HP: 41/41 MP: 3/3
  2291 | D:3      | Found a white marble altar of Elyvilon.
  2298 | D:3      | Found a shattered altar of Ashenzari.
  2315 | D:3      | Noticed Ijyb
  2334 | D:3      | Killed Ijyb
  2378 | D:3      | You fall into a shaft and drop 2 floors!
  2378 | D:5      | Entered Level 5 of the Dungeon
  2439 | D:4      | Reached skill level 5 in Fighting
  2439 | D:4      | Reached skill level 5 in Unarmed Combat
  2439 | D:4      | Reached XP level 5. HP: 18/48 MP: 4/4
  3213 | D:3      | Reached XP level 6. HP: 56/56 MP: 5/5
  3461 | D:4      | Noticed Eustachio
  3499 | D:4      | Killed Eustachio
  3540 | D:4      | Reached XP level 7. HP: 64/64 MP: 6/6
  4131 | D:4      | Found a runed translucent door.
  4132 | D:4      | Noticed Crazy Yiuf
  4141 | D:4      | Killed Crazy Yiuf
  4478 | D:5      | Reached skill level 1 in Axes
  4478 | D:5      | Reached skill level 1 in Slings
  4520 | D:5      | Reached XP level 8. HP: 51/73 MP: 7/7
  5437 | D:6      | Reached XP level 9. HP: 42/79 MP: 8/8
  5539 | D:6      | Found a radiant altar of Vehumet.
  5604 | D:6      | Noticed Blork the orc
  5614 | D:6      | Killed Blork the orc
  5614 | D:6      | Reached skill level 5 in Axes
  5614 | D:6      | Reached skill level 5 in Slings
  6129 | D:7      | Noticed a hornet
  6160 | D:7      | Slain by a hornet

Illustrated notes

Levels and vault maps discovered:
D:1:      sevenhm_arrival_forest_fort_small_6, layout_basic
D:2:      layout_loops_ring, nicolae_overflow_crystal_walls, first_ration,
          kennysheep_generic_room_8
D:3:      layout_basic, cheibrodos_ashenzari_chains, elyvilon_altar_5, uniq_ijyb
D:4:      layout_cave_pods, uniq_eustachio, uniq_crazy_yiuf_cottage
D:5:      layout_loops_ring
D:6:      layout_gridville, old_standard_altar, uniq_blork_the_orc
D:7:      layout_gridville, zin_statuary, chequers_temple_overflow_minitemple,
          minmay_temple_entry_ruins, ebering_ghost_reflecting_pool,
          uniq_prince_ribbit1, uniq_menkaure

Skill      XL: |  1  2  3  4  5  6  7  8  9 |
---------------+----------------------------+-----
Fighting       | 4 5 6 7 |  7.0
Unarmed Combat | 4 5 6 7 |  7.0
Axes           | 1 4 5 |  5.2
Slings         | 2 4 5 |  5.3
Staves         | |  0.6
Dodging        | |  2.6
Stealth        | |  2.1

Action                   |  1- 3 |  4- 6 |  7- 9 || total
-------------------------+-------+-------+-------++-------
Melee: Unarmed           |   116 |   141 |   355 ||   612
       Punch             |     2 |     2 |    11 ||    15
 Fire: Hunting sling     |       |     6 |       ||     6
Throw: Stone             |       |     4 |       ||     4
  Use: Scroll            |       |       |     7 ||     7
       Potion            |       |       |     2 ||     2
 Stab: Sleeping          |     4 |     1 |       ||     5
  Eat: Chunk             |     9 |     4 |     8 ||    21
Armor: Leather armour    |    37 |     3 |       ||    40
       Scale mail        |       |    34 |   108 ||   142
Dodge: Dodged            |   102 |    80 |   211 ||   393
